 Dungeon Crawl Stone Soup version 0.31.0-9-g3a7656b989 (webtiles) character file.

Game seed: 9965100282519594314

178 qw the Skirmisher (level 5, 0/29 HPs)
             Began as a Deep Elf Hunter on Feb 2, 2024.
             Slain by a goblin
             ... wielding a +0 dagger
             ... led by Robin
              (1 damage)
             ... on level 3 of the Dungeon.
             The game lasted 00:00:23 (2832 turns).

qw the Skirmisher (Deep Elf Hunter)                 Turns: 2832, Time: 00:00:24

Health: 0/29       AC:  5    Str: 10    XL:     5   Next: 32%
Magic:  7/7        EV: 11    Int: 14    God:
Gold:   142        SH:  0    Dex: 18    Spells: 4/4 levels left

rFire   + + .        a - +0 shortbow
rCold   . . .        (shield currently unavailable)
rNeg    . . .        b - +0 ring mail {rF+}
rPois   .            (no helmet)
rElec   .            (no cloak)
rCorr   .            (no gloves)
SInv    .            (no boots)
Will    .....        (no amulet)
Stlth   +            h - ring of protection from fire
HPRegen 0.24/turn    (no ring)
MPRegen 0.10/turn

%: no passive effects
@: about to teleport
A: no striking features
a: no special abilities


You were on level 3 of the Dungeon.
You visited 1 branch of the dungeon, and saw 3 of its levels.

You collected 142 gold pieces.


   Skills:
 - Level 1.5 Fighting
 + Level 8.8 Ranged Weapons
 - Level 2.4 Dodging
 - Level 1.2 Stealth


You had 4 spell levels left.
You didn't know any spells.
Your spell library was empty.

Inventory:

Hand Weapons
 a - a +0 shortbow (weapon)
Armour
 b - a +0 ring mail of fire resistance (worn)
Jewellery
 h - a ring of protection from fire (left hand)
Wands
 e - a wand of polymorph (10)
 j - a wand of digging (5)
Scrolls
 c - 2 scrolls of identify
 n - 2 scrolls of teleportation
Potions
 d - a potion of brilliance {unknown}
 f - a potion of resistance {unknown}
 g - a potion of berserk rage {unknown}
 i - a potion of curing

Dungeon Overview and Level Annotations

Branches:
Dungeon (3/15)

Altars:
Kikubaaqudgha
Yredelemnul

Annotations:
D:3 Robin


Message History

You shoot an arrow. The arrow hits the hobgoblin!
You kill the hobgoblin!
Robin roars a battlecry!
The goblins go into a battle-frenzy!
The goblin hits you with a +0 dagger. The goblin closely misses you.
You shoot an arrow. The arrow barely misses the goblin.
The arrow hits the goblin but does no damage.
The goblin hits you but does no damage. The goblin hits you with a +0 dagger.
The goblin hits you with a +0 club.
The goblin unwields a +0 sling.
The goblin wields a +0 dagger.
The goblin hits you with a +0 dagger.
You shoot an arrow. The arrow hits the goblin!
You kill the goblin!
The goblin barely misses you.
You shoot an arrow. The arrow hits the goblin!
You kill the goblin!
The goblin hits you but does no damage. The goblin hits you with a +0 club.
The hobgoblin hits you but does no damage.
The goblin hits you with a +0 dagger.
You shoot an arrow. The arrow closely misses the goblin.
The arrow hits the goblin.
You kill the goblin!
The goblin completely misses you. The goblin hits you but does no damage.
The goblin hits the withered plant with a +0 dagger.
The withered plant begins to crumble.
Robin throws the goblin at you! The goblin hits you with a +0 dagger.
The hobgoblin hits you. The goblin hits you but does no damage.
2830 ||| READING 3 scrolls of teleportation.
As you read the scroll of teleportation, it crumbles to dust.
You feel strangely unstable. The goblin barely misses you.
The goblin hits you but does no damage. Robin throws the goblin at you!
The goblin hits you but does no damage. The hobgoblin misses you.
The goblin hits you but does no damage.
You shoot an arrow. The arrow hits the goblin!
You kill the goblin!
The goblin barely misses you. x2; The hobgoblin completely misses you.
The goblin closely misses you. The goblin barely misses you.
You shoot an arrow. The arrow closely misses Robin.
The goblin hits you with a +0 dagger. The goblin misses you.
The goblin hits you with a +0 dagger.
You die...

#...###.....#
#...# ##....#
#### #....#
#######....##..
#..............
###..............
#................
#.#gg##..........
#..g@g)..........
#.PgPg...........
#.._.............
#.P.P.#..........
#..............
##............
###........
#....##.)


You could see Robin, a hobgoblin (strong) and 4 goblins.

Vanquished Creatures
  A hound (D:2)
  Ijyb (D:3)
  4 adders (D:2)
  2 ribbon worms
  5 dart slugs
  2 orcs
  9 bats
  5 endoplasms
  2 giant cockroaches
  11 goblins
  5 hobgoblins
  8 kobolds
  4 quokkas
  3 ball pythons
  A frilled lizard (D:2)
  5 rats
68 creatures vanquished.

Notes
Turn   | Place    | Note
-------+----------+-------------------------------------------
     0 | D:1      | qw the Deep Elf Hunter began the quest for the Orb.
     0 | D:1      | Reached XP level 1. HP: 12/12 MP: 3/3
     0 | D:1      | 0 ||| qw: Version: 0.3-a-155-g5e7d8dd
     0 | D:1      | 0 ||| qw: Game counter: 985
     0 | D:1      | 0 ||| qw: Melee chars always use a shield: true
     0 | D:1      | 0 ||| qw: God list: Okawaru
     0 | D:1      | 0 ||| qw: Allow faded altars: false
     0 | D:1      | 0 ||| qw: Do Orc after clearing Dungeon:15 true
     0 | D:1      | 0 ||| qw: Do second Lair branch before Depths: true
     0 | D:1      | 0 ||| qw: Lair rune preference: random
     0 | D:1      | 0 ||| qw: Goals: Normal
     0 | D:1      | 0 ||| PLANNING D:1-11
   140 | D:1      | You fall into a shaft and drop 1 floor!
   178 | D:2      | Reached skill level 6 in Ranged Weapons
   178 | D:2      | Reached XP level 2. HP: 16/16 MP: 4/4
   228 | D:2      | Found an ancient bone altar of Kikubaaqudgha.
   294 | D:2      | 294 ||| UPGRADING to ring of protection from fire.
   295 | D:2      | 295 ||| READING scroll labelled QOGENA ESEUJAMM.
   313 | D:2      | 313 ||| READING scroll labelled LIXOERCHYVO.
   314 | D:2      | 314 ||| DROPPING scroll of butterflies.
   315 | D:2      | 315 ||| Stepping randomly (stuck).
   316 | D:2      | 316 ||| Stepping randomly (stuck).
   318 | D:2      | 318 ||| UPGRADING to +0 ring mail of fire resistance.
   328 | D:2      | 328 ||| DROPPING +0 leather armour.
   329 | D:2      | 329 ||| Stepping randomly (stuck).
   330 | D:2      | 330 ||| Stepping randomly (stuck).
   332 | D:2      | 332 ||| Stepping randomly (stuck).
   333 | D:2      | 333 ||| Stepping randomly (stuck).
   334 | D:2      | 334 ||| Stepping randomly (stuck).
   335 | D:2      | 335 ||| Stepping randomly (stuck).
   336 | D:2      | 336 ||| Stepping randomly (stuck).
   337 | D:2      | 337 ||| Stepping randomly (stuck).
   338 | D:2      | 338 ||| Stepping randomly (stuck).
   339 | D:2      | 339 ||| Stepping randomly (stuck).
   340 | D:2      | 340 ||| Stepping randomly (stuck).
   341 | D:2      | 341 ||| Stepping randomly (stuck).
   342 | D:2      | 342 ||| Stepping randomly (stuck).
   343 | D:2      | 343 ||| Stepping randomly (stuck).
   344 | D:2      | 344 ||| Stepping randomly (stuck).
   345 | D:2      | 345 ||| Stepping randomly (stuck).
   346 | D:2      | 346 ||| Stepping randomly (stuck).
   347 | D:2      | 347 ||| Stepping randomly (stuck).
   348 | D:2      | 348 ||| Stepping randomly (stuck).
   349 | D:2      | 349 ||| Stepping randomly (stuck).
   350 | D:2      | 350 ||| Stepping randomly (stuck).
   351 | D:2      | 351 ||| Stepping randomly (stuck).
   352 | D:2      | 352 ||| Stepping randomly (stuck).
   353 | D:2      | 353 ||| Stepping randomly (stuck).
   354 | D:2      | 354 ||| Stepping randomly (stuck).
   355 | D:2      | 355 ||| Stepping randomly (stuck).
   356 | D:2      | 356 ||| Stepping randomly (stuck).
   357 | D:2      | 357 ||| Stepping randomly (stuck).
   358 | D:2      | 358 ||| Stepping randomly (stuck).
   359 | D:2      | 359 ||| Stepping randomly (stuck).
   360 | D:2      | 360 ||| Stepping randomly (stuck).
   361 | D:2      | 361 ||| Stepping randomly (stuck).
   362 | D:2      | 362 ||| Stepping randomly (stuck).
   363 | D:2      | 363 ||| Stepping randomly (stuck).
   364 | D:2      | 364 ||| Stepping randomly (stuck).
   365 | D:2      | 365 ||| Stepping randomly (stuck).
   366 | D:2      | 366 ||| Stepping randomly (stuck).
   367 | D:2      | 367 ||| Stepping randomly (stuck).
   368 | D:2      | 368 ||| Stepping randomly (stuck).
   369 | D:2      | 369 ||| Stepping randomly (stuck).
   370 | D:2      | 370 ||| Stepping randomly (stuck).
   371 | D:2      | 371 ||| Stepping randomly (stuck).
   372 | D:2      | 372 ||| Stepping randomly (stuck).
   373 | D:2      | 373 ||| Stepping randomly (stuck).
   374 | D:2      | 374 ||| Stepping randomly (stuck).
   375 | D:2      | 375 ||| Stepping randomly (stuck).
   376 | D:2      | 376 ||| Stepping randomly (stuck).
   377 | D:2      | 377 ||| Stepping randomly (stuck).
   378 | D:2      | 378 ||| Stepping randomly (stuck).
   379 | D:2      | 379 ||| READING scroll of teleportation.
   384 | D:2      | 384 ||| Stepping randomly (stuck).
   417 | D:2      | Reached XP level 3. HP: 20/20 MP: 5/5
   990 | D:1      | Reached skill level 7 in Ranged Weapons
  1233 | D:1      | 1233 ||| DRINKING 2 murky white potions.
  1750 | D:2      | Reached XP level 4. HP: 25/25 MP: 6/6
  1762 | D:2      | Reached skill level 8 in Ranged Weapons
  2399 | D:2      | 2399 ||| READING scroll labelled BITEFE XIVEYCK.
  2400 | D:2      | 2400 ||| READING scroll labelled AGYOG ROKY.
  2400 | D:2      | 2400 ||| IDENTIFYING murky pink potion
  2401 | D:2      | 2401 ||| READING 2 scrolls labelled PUISAMN CYJUUTS.
  2402 | D:2      | 2402 ||| READING scroll labelled YRGHIO ANEGU.
  2445 | D:2      | 2445 ||| READING scroll labelled TALISO VIOSELO.
  2446 | D:2      | 2446 ||| DROPPING potion of attraction.
  2447 | D:2      | 2447 ||| DROPPING scroll of revelation.
  2449 | D:2      | 2449 ||| Stepping ~*~*~tactically~*~*~ (cloud).
  2458 | D:2      | HP: 6/25 [poisoned by you (poison gas)]
  2667 | D:3      | Noticed Ijyb
  2683 | D:3      | Killed Ijyb
  2684 | D:3      | Reached XP level 5. HP: 29/29 MP: 7/7
  2811 | D:3      | Found a basalt altar of Yredelemnul.
  2822 | D:3      | Noticed Robin
  2829 | D:3      | HP: 5/29 [goblin/+0 dagger[Robin] (3)]
  2830 | D:3      | 2830 ||| READING 3 scrolls of teleportation.
  2832 | D:3      | HP: 1/29 [goblin/+0 dagger[Robin] (3)]
  2832 | D:3      | Slain by a goblin

Levels and vault maps discovered:
D:1:      minmay_arrival_radiant_lines, layout_loops_corners, serial_forest,
          infiniplex_forest_lined_room_, infiniplex_forest_clump_long,
          infiniplex_forest_3_way, infiniplex_forest_lined_2,
          infiniplex_forest_clump_medium, infiniplex_forest_clump_long,
          infiniplex_forest_clump_double
D:2:      layout_basic, basic_altar, minmay_divided_ellipse
D:3:      layout_basic, yredelemnul_altar_generic, uniq_ijyb, uniq_sigmund,
          uniq_robin

Skill      XL: |  1  2  3  4 |
---------------+-------------+-----
Ranged Weapons | 6 7 8 |  8.8
Fighting       | |  1.5
Dodging        | |  2.4
Stealth        | |  1.2

Action                     |  1- 3 |  4- 6 || total
---------------------------+-------+-------++-------
   Fire: Shortbow          |   479 |   112 ||   591
    Use: Scroll            |     3 |     6 ||     9
         Potion            |     1 |       ||     1
 Armour: Leather armour    |     5 |       ||     5
         Ring mail         |    17 |    51 ||    68
         Skin              |       |     8 ||     8
  Dodge: Dodged            |    26 |    37 ||    63

Table legend:
 A = Non-vault XP
 B = Vault XP
 C = Vault XP percentage of total XP
 D = Non-vault monster count
 E = Vault monster count
 F = Vault count percentage of total count
                 A         B        C        D         E       F
            +---------+---------+-------+---------+---------+-------
      Total |     119 |     136 |  53.3 |      47 |      21 |  30.9
            +---------+---------+-------+---------+---------+-------
        D:1 |      42 |       0 |   0.0 |      23 |       0 |   0.0
        D:2 |      58 |      88 |  60.3 |      16 |      13 |  44.8
        D:3 |      19 |      48 |  71.6 |       8 |       8 |  50.0
            +---------+---------+-------+---------+---------+-------
